 Dungeon Crawl Stone Soup version 0.31-a0-188-g5e087ee2ca (webtiles) character file.

Game seed: 2724733440520469993

16 qw the Shooter (level 2, -1/16 HPs)
             Began as a Deep Elf Hunter on June 23, 2023.
             Slain by a kobold
             ... wielding a +0 whip
              (4 damage)
             ... on level 1 of the Dungeon.
             The game lasted 00:00:10 (340 turns).

qw the Shooter (Deep Elf Hunter)                     Turns: 340, Time: 00:00:10

Health: -1/16      AC:  3    Str:  8    XL:     2   Next: 41%
Magic:  4/4        EV:  9    Int: 13    God:
Gold:   11         SH:  0    Dex: 18    Spells: 1/1 levels left

rFire   . . .        a - +0 shortbow
rCold   . . .        (shield currently unavailable)
rNeg    . . .        c - +0 leather armour
rPois   .            (no helmet)
rElec   .            (no cloak)
rCorr   .            (no gloves)
SInv    .            (no boots)
Will    .....        (no amulet)
Stlth   ++           (no ring)
HPRegen 0.22/turn    (no ring)
MPRegen 0.09/turn

%: no passive effects
@: constricted
A: no striking features
a: no special abilities


You were on level 1 of the Dungeon.
You visited 1 branch of the dungeon, and saw 1 of its levels.

You collected 11 gold pieces.


   Skills:
 - Level 1.5 Fighting
 + Level 6.2 Ranged Weapons
 - Level 2.4 Dodging
 - Level 1.2 Stealth


You had one spell level left.
You didn't know any spells.
Your spell library was empty.

Inventory:

Hand Weapons
 a - a +0 shortbow (weapon)
Armour
 c - a +0 leather armour (worn)
 d - a +0 ring mail
Jewellery
 k - a ring of see invisible
Scrolls
 b - a scroll of butterflies
 e - 2 scrolls of identify {unknown}
Potions
 f - a potion of cancellation {unknown}
 g - a potion of lignification {unknown}
 h - a potion of might {unknown}
 i - a potion of degeneration {unknown}
 j - a potion of curing {unknown}

Dungeon Overview and Level Annotations

Branches:
Dungeon (1/15)

Altars:


Message History

You shoot an arrow.
The arrow closely misses the ball python.
The ball python hisses angrily.
You shoot an arrow.
The arrow closely misses the ball python.
You shoot an arrow. The arrow hits the ball python.
The ball python is moderately wounded.
A ball python comes into view.
You shoot an arrow. The arrow hits the ball python.
The ball python is heavily wounded.
You shoot an arrow.
The arrow hits the ball python but does no damage.
The ball python is heavily wounded.
The ball python barely misses you. x2
You shoot an arrow. The arrow hits the ball python!
You kill the ball python!
The kobold hits you with a +0 whip.
You shoot an arrow. The arrow closely misses the kobold.
The kobold hits you with a +0 whip.
You shoot an arrow.
The arrow hits the kobold but does no damage.
The kobold closely misses you.
You shoot an arrow. The arrow closely misses the kobold.
The ball python misses you. The ball python grabs you.
The ball python constricts you. The kobold hits you with a +0 whip.
You shoot an arrow.
The arrow barely misses the ball python.
The ball python barely misses you. The ball python constricts you.
The kobold hits you with a +0 whip.
The ball python bites you but does no damage.
The ball python constricts you.
You shoot an arrow.
The arrow barely misses the ball python.
The kobold barely misses you. The ball python bites you.
The ball python constricts you.
You shoot an arrow.
The arrow barely misses the ball python.
The ball python bites you but does no damage.
The ball python constricts you. The kobold hits you with a +0 whip.
You die...

#################
........> ...... ..##
......KS# ..#.## ...#
#@##....##.# ##..#
##.#.....>##.###...#
#.###........).....#
##.#......#....#...
#######.##....#...#.#.##
#....##)###.#.#.........
#.##.......)......###.##
#.#####.###.........%.#
#.# #...##.#.##.######


You could see a ball python and a kobold.

Vanquished Creatures
  A ball python (D:1)
  4 endoplasms (D:1)
  A giant cockroach (D:1)
  A goblin (D:1)
  A quokka (D:1)
  2 bats (D:1)
  3 kobolds (D:1)
  A rat (D:1)
14 creatures vanquished.

Notes
Turn   | Place    | Note
-------+----------+-------------------------------------------
     0 | D:1      | qw the Deep Elf Hunter began the quest for the Orb.
     0 | D:1      | Reached XP level 1. HP: 12/12 MP: 3/3
     0 | D:1      | 0 ||| qw: Version: 0.3-a-9-g12657ce
     0 | D:1      | 0 ||| qw: Game counter: 3740
     0 | D:1      | 0 ||| qw: Always use a shield: true
     0 | D:1      | 0 ||| qw: God list: Okawaru
     0 | D:1      | 0 ||| qw: Allow faded altars: false
     0 | D:1      | 0 ||| qw: Do Orc after D:15 true
     0 | D:1      | 0 ||| qw: Do second Lair branch before Depths: true
     0 | D:1      | 0 ||| qw: Lair rune preference: random
     0 | D:1      | 0 ||| qw: Plans: Normal
     0 | D:1      | 0 ||| PLANNING D:1-11
   162 | D:1      | Found a faded altar of an unknown god.
   183 | D:1      | Reached XP level 2. HP: 16/16 MP: 4/4
   187 | D:1      | Reached skill level 6 in Ranged Weapons
   339 | D:1      | HP: 4/16 [ball python (1)]
   340 | D:1      | Slain by a kobold

Levels and vault maps discovered:
D:1:      elethiomel_arrival_infinity_welcomes_careful_drivers,
          layout_loops_ring, hellmonk_ecumenical_altar_slurped_away,
          dreamdust_wishing_well

Skill      XL: |  1  2 |
---------------+-------+-----
Ranged Weapons | 6 |  6.2
Fighting       | |  1.5
Dodging        | |  2.4
Stealth        | |  1.2

Action                     || total
---------------------------++-------
   Fire: Shortbow          ||    49
 Armour: Leather armour    ||     7
  Dodge: Dodged            ||    17

Table legend:
 A = Non-vault XP
 B = Vault XP
 C = Vault XP percentage of total XP
 D = Non-vault monster count
 E = Vault monster count
 F = Vault count percentage of total count
                 A         B        C        D         E       F
            +---------+---------+-------+---------+---------+-------
      Total |      22 |       2 |   8.3 |      13 |       1 |   7.1
            +---------+---------+-------+---------+---------+-------
        D:1 |      22 |       2 |   8.3 |      13 |       1 |   7.1
            +---------+---------+-------+---------+---------+-------
